 Dungeon Crawl Stone Soup version 0.28.0 (webtiles) character file.

Game seed: 15678373073313057906

22617 SnakkuSnakku7 the Geomancer (level 12, 0/98 HPs)
             Began as a Palentonga Earth Elementalist on Feb 16, 2022.
             Was a Priest of Sif Muna.
             Slain by a minotaur (15 damage)
             ... in a Gauntlet.
             The game lasted 00:28:52 (16213 turns).

SnakkuSnakku7 the Geomancer (PaEE)                 Turns: 16213, Time: 00:28:52

Health: 0/98       AC: 20    Str: 16    XL:     12   Next: 64%
Magic:  10/24      EV: 12    Int: 20    God:    Sif Muna [***...]
Gold:   785        SH:  0    Dex: 15    Spells: 23/27 levels left

rFire   . . .      SeeInvis +   M - staff of conjuration
rCold   + + +      Faith    .   (no shield)
rNeg    . . .      Spirit   .   G - +0 troll leather armour
rPois   +          Reflect  .   I - +2 hat
rElec   .          Harm     .   u - +2 cloak
rCorr   .          Rampage  .   g - +2 pair of gloves
Will    .....      NoTele   +   (no barding)
Stlth   ++........              (no amulet)
HPRegen 1.06/turn               K - ring of poison resistance
MPRegen 0.19/turn               L - ring "Hiweol" {Fly rC+++ Str+3 Dex+5}

@: flying, curled up
A: large, rugged brown scales 3, see invisible, deformed body, roll 1, armoured
tail, reflexive curl
a: Rolling Charge, Renounce Religion, Channel Magic, Forget Spell


You were in a Gauntlet.
You worshipped Sif Muna.
Sif Muna was most pleased with you.
You visited 3 branches of the dungeon, and saw 14 of its levels.
You also visited: Bailey and Gauntlet.

You collected 915 gold pieces.
You spent 130 gold pieces at shops.

Inventory:

Hand Weapons
 a - a +3 falchion of holy wrath
Missiles
 c - 77 stones
 o - 3 curare-tipped darts
Armour
 g - a +2 pair of gloves (worn)
 u - a +2 cloak (worn)
 G - a +0 troll leather armour (worn)
 I - a +2 hat (worn)
Magical Staves
 b - a staff of fire
 A - a staff of poison
 M - a staff of conjuration (weapon)
Jewellery
 q - a ring of positive energy
 w - the ring "Noweocev" {rF+ rCorr}
   (You found it in a Gauntlet)

   [ring of resist corrosion]

   rF:        It protects you from fire.
   rCorr:     It protects you from acid and corrosion.
 K - a ring of poison resistance (left hand)
 L - the ring "Hiweol" (right hand) {Fly rC+++ Str+3 Dex+5}
   (You found it on level 10 of the Dungeon)

   [ring of flight]

   Str:       It affects your strength (+3).
   Dex:       It affects your dexterity (+5).
   rC:        It renders you almost immune to cold.
   Fly:       It grants you flight.
 N - a ring of resist corrosion
Wands
 O - a wand of iceblast (2)
 P - a wand of polymorph (2)
Scrolls
 d - 2 scrolls of identify
 e - 5 scrolls of amnesia {unknown}
 f - 11 scrolls of teleportation
 j - 2 scrolls of magic mapping
 l - 4 scrolls of enchant armour
 t - a scroll of fog
 v - 2 scrolls of blinking
 x - a scroll of enchant weapon {unknown}
 y - 2 scrolls of vulnerability
 D - a scroll of silence
 F - a scroll of immolation {unknown}
 J - a scroll of acquirement {unknown}
Potions
 h - a potion of resistance
 i - 2 potions of brilliance
 k - 3 potions of heal wounds
 m - 2 potions of cancellation
 n - a potion of ambrosia
 p - a potion of lignification
 r - 3 potions of berserk rage
 s - 3 potions of flight
 z - 2 potions of curing
 B - 2 potions of haste
 E - 2 potions of might
 H - 2 potions of attraction
Miscellaneous
 C - a lightning rod (4/4)


   Skills:
 - Level 8.0 Fighting
 + Level 7.4 Dodging
 - Level 1.2 Stealth
 - Level 8.0 Spellcasting
 - Level 8.0 Conjurations
 - Level 1.0 Transmutations
 - Level 10.8 Earth Magic
 - Level 8.0 Invocations


You had 23 spell levels left.
You knew the following spells:

 Your Spells              Type           Power      Damage    Failure   Level
a - Stone Arrow           Conj/Erth      100%       3d13      1%          3
z - Sandblast             Erth           100%       2d20      1%          1

Your spell library contained the following spells:

 Spells                   Type           Power      Damage    Failure   Level
 Shock                    Conj/Air       100%       1d9       1%          1
 Passwall                 Tmut/Erth      25%        N/A       1%          2
 Static Discharge         Conj/Air       36%        N/A       3%          2
 Petrify                  Tmut/Erth      31%        N/A       9%          4
 Sticky Flame             Conj/Fire      36%        2d6       21%         4
 Frozen Ramparts          Ice            16%        1d3       30%         3
 Swiftness                Air            8%         N/A       30%         3
 Lightning Bolt           Conj/Air       18%        1d32      50%         5
 Ice Form                 Ice/Tmut       10%        N/A       63%         4
 Airstrike                Air            4%         N/A       71%         4
 Dispel Undead            Necr           8%         3d8       71%         4
 Passage of Golubria      Tloc           8%         N/A       71%         4
 Summon Ice Beast         Ice/Summ       8%         N/A       71%         4
 Silence                  Hex/Air        4%         N/A       96%         5
 Dispersal                Tloc           4%         N/A       100%        6
 Malign Gateway           Summ/Tloc      4%         N/A       100%        7
 Disjunction              Tloc           4%         N/A       100%        8
 Lehudib's Crystal Spear  Conj/Erth      31%        10d8      100%        8
 Maxwell's Capacitive Co  Air            4%         ∞         100%        8
 Summon Horrible Things   Summ           4%         N/A       100%        8


Dungeon Overview and Level Annotations

Branches:
Dungeon (10/15)            Temple (1/1) D:6            Lair (3/6) D:9
  Snake (0/4) Lair:3          Orc (0/2) D:9          Bailey (visited)
Gauntlet (1/1)
  Swamp: Lair:2-4    Shoals: Lair:2-4

Altars:
Ashenzari
Cheibriados
Dithmenos
Elyvilon
Fedhas
Gozag
Hepliaklqana
Kikubaaqudgha
Makhleb
Nemelex Xobeh
Okawaru
Qazlal
Ru
Sif Muna
Trog
Uskayaw
Vehumet
Wu Jian
Xom
Yredelemnul
Zin
The Shining One

Shops:
D:4 ?

Annotations:
Gauntlet 21 runed translucent doors, 6 transporters


Innate Abilities, Weirdness & Mutations

You are completely covered in rugged brown scales. (AC +3, +7% HP)
You have supernaturally acute eyesight. (SInv)
Armour fits poorly on your strangely shaped body.
You can roll at nearby foes to attack.
You have a long armoured tail.
You curl defensively after being hit. (AC +7*)


Message History

A minotaur comes into view.
It is wielding a +1 scimitar of freezing.
The minotaur bellows!
The minotaur hits you with a +1 scimitar of freezing!!
The minotaur gores you but does no damage.
Aiming: Stone Arrow (safe; 1% risk of failure)
Press: ? - help, Q - select action, (/) - cycle Shift-Dir - straight line, f - minotaur
Aim: a minotaur, wielding a +1 scimitar of freezing, wearing a +0 plate armour and quivering javelins (89% to hit)
You feel a surge of power!
The stone arrow hits the minotaur!
The minotaur is moderately wounded.
The minotaur hits you but does no damage.
The minotaur gores you.
Aiming: Stone Arrow (safe; 1% risk of failure)
Press: ? - help, Q - select action, (/) - cycle Shift-Dir - straight line, f/p - minotaur
Aim: a minotaur, wielding a +1 scimitar of freezing, wearing a +0 plate armour and quivering javelins (moderately wounded, 89% to hit)
You feel a surge of power!
The stone arrow hits the minotaur!
The minotaur is moderately wounded.
The minotaur barely misses you. The minotaur gores you!
Aiming: Stone Arrow (safe; 1% risk of failure)
Press: ? - help, Q - select action, (/) - cycle Shift-Dir - straight line, f/p - minotaur
Aim: a minotaur, wielding a +1 scimitar of freezing, wearing a +0 plate armour and quivering javelins (moderately wounded, 89% to hit)
You feel a surge of power!
The stone arrow hits the minotaur!!
The minotaur is severely wounded.
The minotaur hits you with a +1 scimitar of freezing!!
The minotaur freezes you. The minotaur gores you!
* * * LOW HITPOINT WARNING * * *
Aiming: Stone Arrow (safe; 1% risk of failure)
Press: ? - help, Q - select action, (/) - cycle Shift-Dir - straight line, f/p - minotaur
Aim: a minotaur, wielding a +1 scimitar of freezing, wearing a +0 plate armour and quivering javelins (severely wounded, 89% to hit)
You feel a surge of power!
The stone arrow hits the minotaur!!
The minotaur is almost dead.
The minotaur misses you. The minotaur gores you!
* * * LOW HITPOINT WARNING * * *
Aiming: Stone Arrow (safe; 1% risk of failure)
Press: ? - help, Q - select action, (/) - cycle Shift-Dir - straight line, f/p - minotaur
Aim: a minotaur, wielding a +1 scimitar of freezing, wearing a +0 plate armour and quivering javelins (almost dead, 89% to hit)
You feel a surge of power!
The stone arrow hits the minotaur but does no damage.
The minotaur is almost dead.
The minotaur hits you with a +1 scimitar of freezing!
You die...

#.####..# #.#.8.#..#...#
#.#....## #.#...#..#....
#.#.#### #.#...#..#####
#.#.# #.#.©.#≈......
#.#.# #.....#∩......
#.#.# #.#.©.#≈......
#.#.#### #.#...#..#####
#.#....##.#.#...#..#.##.
#.##.#.@H.#.#.8.#..#.#..
#....######.#...#..#[###
####.....#..#.8.#..#.##.
##########...#..#©...
#≈8≈#..#:##.
#####..#!##. #..#....
###..#.##. #8#..#####


You could see a minotaur.

Vanquished Creatures
  2 hydras (Lair:2)
  A boulder beetle (Lair:3)
  2 two-headed ogres
  2 deep elf pyromancers (D:9)
  A worldbinder (Gauntlet)
  An elephant (Lair:2)
  Maggie (D:6)
  3 cane toads
  3 komodo dragons
  A kobold demonologist (D:9)
  A troll (D:10)
  A slime creature (D:9)
  6 blink frogs
  3 centaur simulacra (Gauntlet)
  Sigmund (D:3)
  3 wyverns
  2 basilisks
  32 yaks
  3 vampire mosquitoes (D:10)
  A naga (Lair:2)
  5 water moccasins
  An ice beast (D:5)
  2 sky beasts (D:6)
  A black bear (D:9)
  A hornet zombie (D:9)
  A necrophage (D:5)
  14 orc warriors
  A boggart (Gauntlet)
  4 wolves (Lair:1)
  14 centaurs
  6 kobold brigands
  A phantom (D:5)
  9 bullfrogs
  Blork the orc (D:4)
  A wyvern zombie (D:8)
  5 scorpions
  A hornet simulacrum (Gauntlet)
  A wyvern skeleton (D:5)
  A water moccasin skeleton (D:4)
  4 killer bees (D:8)
  12 wights
  A howler monkey (D:8)
  7 electric eels (D:10)
  6 hounds
  A bullfrog zombie (D:5)
  4 centaur zombies
  Crazy Yiuf (D:3)
  A centaur skeleton (D:7)
  A jelly (D:8)
  6 iguanas
  9 orc wizards
  Terence (D:3)
  A hound skeleton (D:5)
  3 howler monkey zombies
  An adder (D:3)
  3 gnolls (D:3)
  2 ufetubi
  5 dart slugs
  2 worms
  40 orcs
  7 endoplasms
  6 giant cockroaches
  4 goblins (D:1)
  3 hobgoblins
  8 jackals
  20 kobolds
  4 quokkas
  5 ball pythons
  9 bats
  2 frilled lizards
  6 rats
325 creatures vanquished.

Vanquished Creatures (others)
  6 fungi
  14 plants
20 creatures vanquished.

Grand Total: 345 creatures vanquished

Notes
Turn   | Place    | Note
-------+----------+-------------------------------------------
     0 | D:1      | SnakkuSnakku7 the Palentonga Earth Elementalist began the
                  | quest for the Orb.
     0 | D:1      | Reached XP level 1. HP: 13/13 MP: 3/3
   112 | D:1      | Reached skill level 3 in Earth Magic
   148 | D:1      | Reached XP level 2. HP: 15/20 MP: 0/5
   219 | D:1      | Found a faded altar of an unknown god.
   636 | D:2      | Reached XP level 3. HP: 25/25 MP: 4/6
   886 | D:2      | Reached skill level 4 in Earth Magic
  1567 | D:3      | Reached XP level 4. HP: 29/32 MP: 7/7
  1612 | D:3      | Noticed Sigmund
  1626 | D:3      | Killed Sigmund
  1627 | D:3      | Reached skill level 5 in Earth Magic
  1627 | D:3      | Reached XP level 5. HP: 6/37 MP: 0/8
  1919 | D:3      | Reached skill level 6 in Earth Magic
  1960 | D:3      | Noticed Terence
  2006 | D:3      | Learned a level 3 spell: Stone Arrow
  2026 | D:3      | Reached skill level 1 in Conjurations
  2026 | D:3      | Reached XP level 6. HP: 31/43 MP: 4/9
  2318 | D:4      | Found Foib Seshig's Magic Scroll Shoppe.
  2326 | D:4      | Bought a scroll of identify for 20 gold pieces
  2326 | D:4      | Bought a scroll of teleportation for 30 gold pieces
  2326 | D:4      | Bought a scroll of identify for 20 gold pieces
  2755 | D:4      | Gained mutation: You curl defensively after being hit. (AC
                  | +7*) [Palentonga growth]
  2755 | D:4      | Reached XP level 7. HP: 49/49 MP: 3/10
  2781 | D:4      | Noticed Blork the orc
  2788 | D:4      | Killed Blork the orc
  2916 | D:4      | Bought a scroll of teleportation for 30 gold pieces
  3134 | D:4      | Bought a scroll of teleportation for 30 gold pieces
  3201 | D:3      | Killed Terence
  3346 | D:3      | Found a runed translucent door.
  3347 | D:3      | Noticed Crazy Yiuf
  3351 | D:3      | Killed Crazy Yiuf
  3403 | D:5      | Entered Level 5 of the Dungeon
  3821 | D:5      | Reached skill level 7 in Earth Magic
  3821 | D:5      | Reached XP level 8. HP: 55/55 MP: 11/14
  4071 | D:5      | Reached skill level 8 in Earth Magic
  4489 | D:6      | Found a staircase to the Ecumenical Temple.
  4605 | Temple   | Entered the Ecumenical Temple
  4796 | D:6      | Found a broken altar of Ashenzari.
  4840 | D:6      | Reached skill level 9 in Earth Magic
  5006 | D:6      | Noticed Maggie
  5195 | D:6      | Found a white marble altar of Elyvilon.
  5531 | D:6      | Killed Maggie
  5532 | D:6      | Reached skill level 10 in Earth Magic
  5532 | D:6      | Reached skill level 1 in Fighting
  5532 | D:6      | Reached XP level 9. HP: 50/63 MP: 2/15
  5622 | D:7      | Found a flagged portal.
  5834 | Bailey   | Entered a bailey
  6346 | Bailey   | Reached skill level 5 in Fighting
  6901 | Bailey   | Reached XP level 10. HP: 32/85 MP: 9/16
  7586 | D:7      | Found a sparkling altar of Nemelex Xobeh.
  7586 | D:7      | Found a shimmering blue altar of Sif Muna.
  7671 | D:7      | Reached skill level 5 in Spellcasting
  8054 | D:8      | Found an ancient bone altar of Kikubaaqudgha.
  8312 | D:8      | Found a sacrificial altar of Ru.
  8387 | D:8      | Noticed a two-headed ogre
  8438 | D:7      | Became a worshipper of Sif Muna the Loreminder
  8743 | D:8      | Killed a two-headed ogre
  9218 | D:9      | Found a staircase to the Orcish Mines.
  9353 | D:9      | Noticed a deep elf pyromancer
  9363 | D:9      | Noticed a deep elf pyromancer
  9375 | D:9      | Killed a deep elf pyromancer
  9647 | D:9      | Found a staircase to the Lair.
  9653 | D:9      | Reached * piety under Sif Muna
  9741 | D:9      | HP: 3/85 [orc warrior (13)]
  9745 | D:9      | Reached skill level 5 in Invocations
  9894 | D:9      | Noticed a two-headed ogre
  9905 | D:9      | Killed a two-headed ogre
  9906 | D:9      | Reached XP level 11. HP: 45/92 MP: 16/23
 10205 | D:9      | Killed a deep elf pyromancer
 10550 | D:10     | Entered Level 10 of the Dungeon
 11427 | D:9      | Reached ** piety under Sif Muna
 11765 | D:10     | Identified the ring "Hiweol" {Fly rC+++ Str+3 Dex+5}
 12054 | D:10     | Reached skill level 5 in Conjurations
 12362 | D:10     | Found a bloodstained altar of Trog.
 12818 | D:10     | Found a radiant altar of Vehumet.
 13189 | Lair:1   | Entered Level 1 of the Lair of Beasts
 13887 | Lair:1   | Reached XP level 12. HP: 82/98 MP: 3/24
 13987 | Lair:1   | Reached *** piety under Sif Muna
 14365 | Lair:2   | Noticed an eight-headed hydra
 14805 | Lair:2   | Noticed a four-headed hydra
 14811 | Lair:2   | Killed a four-headed hydra
 14864 | Lair:2   | Reached skill level 5 in Dodging
 14880 | Lair:2   | Killed an eight-headed hydra
 15589 | Lair:3   | Noticed a boulder beetle
 15604 | Lair:3   | Killed a boulder beetle
 15651 | Lair:3   | Found a gate leading to a gauntlet.
 15660 | Gauntlet | Entered a Gauntlet
 15660 | Gauntlet | Noticed a catoblepas
 15660 | Gauntlet | Found a large runed translucent door.
 15660 | Gauntlet | Found a large runed translucent door.
 15660 | Gauntlet | Found a large runed translucent door.
 15660 | Gauntlet | Found a large runed translucent door.
 15660 | Gauntlet | Found a large runed translucent door.
 15660 | Gauntlet | Found a large runed translucent door.
 15660 | Gauntlet | Found a large runed translucent door.
 15660 | Gauntlet | Found a large runed translucent door.
 15660 | Gauntlet | Found a runed translucent door.
 15660 | Gauntlet | Found a runed translucent gate.
 15660 | Gauntlet | Found a transporter.
 15660 | Gauntlet | Found a transporter.
 15660 | Gauntlet | Found a runed translucent gate.
 15660 | Gauntlet | Found a transporter.
 15661 | Gauntlet | Found a runed translucent door.
 15661 | Gauntlet | Found a runed translucent gate.
 15663 | Gauntlet | Found a large runed translucent door.
 15663 | Gauntlet | Found a large runed translucent door.
 15663 | Gauntlet | Found a large runed translucent door.
 15663 | Gauntlet | Found a large runed translucent door.
 15664 | Gauntlet | Found a large runed translucent door.
 15664 | Gauntlet | Found a large runed translucent door.
 15665 | Gauntlet | Found a large runed translucent door.
 15665 | Gauntlet | Found a large runed translucent door.
 15680 | Gauntlet | Found a transporter.
 15694 | Gauntlet | Found a transporter.
 15695 | Gauntlet | Found a transporter.
 15706 | Gauntlet | Found a transporter.
 15726 | Gauntlet | Noticed a catoblepas
 15728 | Gauntlet | Found a transporter.
 15745 | Gauntlet | Found a transporter.
 15749 | Gauntlet | Found a transporter.
 15763 | Gauntlet | Found a transporter.
 15767 | Gauntlet | Found a transporter.
 15841 | Gauntlet | Noticed a naga warrior
 16141 | Gauntlet | Identified the ring "Noweocev" {rF+ rCorr}
 16206 | Gauntlet | Noticed a minotaur
 16213 | Gauntlet | Slain by a minotaur

Illustrated notes

Levels and vault maps discovered:
D:1:      evilmike_arrival_hilbert_curve, layout_rooms,
          ebering_ecumenical_altar_rust, minmay_misc_feat_encased, minmay_cupped
D:2:      minmay_angry_zag, layout_loops_corners
D:3:      layout_basic, uniq_crazy_yiuf_cottage, uniq_terence, uniq_sigmund
D:4:      layout_loops_cross, nicolae_stop_n_shop_1, uniq_blork_the_orc
D:5:      nicolae_cairo_tiling_very_big, layout_basic
D:6:      layout_loops_ring, old_standard_altar, ashenzari_altar_1,
          minmay_temple_entry_gardened_gates, uniq_maggie
D:7:      layout_basic, jmf_multi_god_temple, enter_bailey_6
D:8:      layout_cave_pools, nicolae_kikubaaqudgha_miasma_corner,
          hangedman_ru_absence
D:9:      layout_irregular_city, david_lair_generic, david_orc_2,
          minmay_diamond_spiral
D:10:     layout_basic, vehumet_crystals, lightli_temple_of_fire,
          grunt_ministairs_3
Temple:   zaba_magenta_temple
Lair:1:   layout_loops_ring, grunt_megastairs_3
Lair:2:   layout_cave_pods
Lair:3:   layout_roguey, minmay_snake_entry_guardpost_small,
          gauntlet_entry_generic
Gauntlet: gammafunk_gauntlet_hard_choice
          [minmay_gauntlet_arena_make_your_own_arena,
          gammafunk_gauntlet_arena_split_x, gammafunk_gauntlet_arena_chambers,
          nicolae_gauntlet_arena_x, gammafunk_gauntlet_arena_crates,
          nicolae_gauntlet_arena_t_cross, dreamdust_gauntlet_exit_labyrinth]

Skill      XL: |  1  2  3  4  5  6  7  8  9 10 11 12 |
---------------+-------------------------------------+-----
Earth Magic    | 3 4 5 6 7 10 | 10.8
Conjurations   | 1 3 4 8 |  8.0
Spellcasting   | 4 8 |  8.0
Fighting       | 1 7 8 |  8.0
Invocations    | 6 8 |  8.0
Dodging        | 7 |  7.4
Stealth        | |  1.2
Transmutations | |  1.0

Action                   |  1- 3 |  4- 6 |  7- 9 | 10-12 || total
-------------------------+-------+-------+-------+-------++-------
Melee: Dagger            |   111 |    43 |     3 |       ||   157
       Tailslap          |    15 |     7 |    15 |    66 ||   103
       Scimitar          |       |       |    48 |       ||    48
       Falchion          |       |       |    94 |   247 ||   341
       Punch             |       |       |     1 |     3 ||     4
       Staff             |       |       |       |   118 ||   118
 Cast: Sandblast         |    41 |    31 |    62 |   172 ||   306
       Stone Arrow       |       |     2 |    62 |   158 ||   222
Invok: Channel Magic     |       |       |       |     1 ||     1
 Abil: Rolling Charge    |       |     1 |       |       ||     1
Evoke: Wand              |       |       |    18 |    12 ||    30
  Use: Scroll            |       |     2 |     1 |    13 ||    16
       Potion            |       |       |       |     7 ||     7
 Stab: Sleeping          |     1 |     4 |       |       ||     5
Armor: Robe              |    56 |     7 |    62 |       ||   125
       Steam dragon scal |       |       |    59 |   271 ||   330
       Troll leather arm |       |       |       |   191 ||   191
Dodge: Dodged            |    69 |    19 |   118 |   355 ||   561
